Panthers vs Canucks

Created - 27 mars 2016 at 21:34

Goals
1 2 3 T
Panthers 1 2 0 3
Canucks 1 5 0 6
Shots
1 2 3 T
Panthers 10 5 13 28
Canucks 7 22 16 45

1st period

1. Canucks , Clarke MacArthur 23 (Martin St. Louis, Mike Ribeiro) at 7:40 (PP)
2. Panthers , Jeff Tambellini 19 (Alexander Perezhogin, Mats Sundin) at 15:11

Penalties :
Nikolai Zherdev (Van) for Slashing (Minor) at 4:33, Keith Aulie (Flo) for Holding Stick (Minor) at 7:33, Matt Stajan (Van) for Holding Stick (Minor) at 8:19

2nd period

3. Canucks , Matt Stajan 28 (Clarke MacArthur, Ben Lovejoy) at 2:22 (PP)
4. Panthers , Jeff Tambellini 20 (Scott Gomez, Lubomir Visnovsky) at 2:38
5. Canucks , Milan Michalek 22 (Maxim Afinogenov, Matt Stajan) at 4:07
6. Canucks , Maxim Lapierre 15 (Ryane Clowe, Alex Tanguay) at 8:22
7. Canucks , Clarke MacArthur 24 (Alex Goligoski, Mike Ribeiro) at 10:40
8. Panthers , Mats Sundin 8 (Alexander Perezhogin, Ryan Bayda) at 15:36
9. Canucks , Ryane Clowe 18 (Maxim Lapierre, Martin St. Louis) at 19:17

Penalties :
Alexander Perezhogin (Flo) for Hooking (Minor) at 1:41, Nate Guenin (Flo) for Tripping (Minor) at 5:57

3rd period

No Goal

Penalties :
Ryan Bayda (Flo) for Hooking (Minor) at 15:21, Steve Montador (Flo) for Tripping (Minor) at 18:49

Goalie Stats

Antti Niemi (Flo), 9 saves from 13 shots - (0,692), L, 26-18-5, 28:22 minutes
Jeff Deslauriers (Flo), 30 saves from 32 shots - (0,938), 31:38 minutes
Carey Price (Van), 25 saves from 28 shots - (0,893), W, 30-19-2, 60:00 minutes

Players Stats for Panthers

Player Name              G  A  P  +/- PIM S  H  SB GA TA FO     MP     PP MP  PK MP  
------------------------------------------------------------------------------------
Alexander Perezhogin     0  2  2  -1  2   2  1  0  0  0  0/0    12:42   0:05   0:00 
Alexei Ponikarovsky      0  0  0   0  0   0  1  1  0  0  0/0     9:11   0:05   1:56 
Branko Radivojevic       0  0  0   0  0   0  0  1  0  0  0/0     0:16   0:00   0:00 
Bryan McCabe             0  0  0  -2  0   3  0  0  0  1  0/0    19:39   1:18   2:20 
Jeff Tambellini          2  0  2   0  0   5  1  1  0  0  0/1    17:03   1:50   0:04 
Keith Aulie              0  0  0   0  2   0  0  1  0  0  0/0    13:36   0:00   0:00 
Lubomir Visnovsky        0  1  1  -1  0   1  0  2  0  1  0/0    21:23   1:18   4:13 
Marian Hossa             0  0  0   0  0   2  1  0  0  0  0/0    20:31   2:03   0:00 
Mats Sundin              1  1  2  -2  0   1  2  0  0  0  6/8    12:10   0:05   0:01 
Matthew Spiller          0  0  0   1  0   2  3  2  1  1  0/0    24:58   2:40   2:07 
Nate Guenin              0  0  0  -1  2   0  3  1  0  0  0/0    14:02   0:00   0:00 
Peter Prucha             0  0  0   1  0   2  1  0  0  0  0/0    20:12   1:50   3:46 
Rickard Wallin           0  0  0   0  0   1  0  0  0  0  1/2     6:32   0:00   0:00 
Ryan Bayda               0  1  1  -1  2   2  1  0  0  0  0/0    11:13   0:00   0:00 
Scott Gomez              0  1  1   1  0   0  3  0  0  1  14/31  23:28   1:50   3:43 
Sidney Crosby            0  0  0   0  0   5  1  0  0  1  8/22   20:48   2:03   1:32 
Steve Montador           0  0  0   0  2   1  0  2  1  2  0/0    26:45   2:40   3:12 
Taylor Hall              0  0  0   0  0   1  0  1  0  0  3/4    19:30   2:03   0:50 

Players Stats for Canucks

Player Name              G  A  P  +/- PIM S  H  SB GA TA FO     MP     PP MP  PK MP  
------------------------------------------------------------------------------------
Alex Goligoski           0  1  1  -1  0   7  3  2  0  0  0/0    27:57   3:28   2:23 
Alex Tanguay             0  1  1  -1  0   0  0  0  1  0  0/0     9:14   0:00   0:30 
Ben Lovejoy              0  1  1   1  0   1  0  1  0  0  0/0    19:56   2:28   0:59 
Clarke MacArthur         2  1  3   1  0   7  0  2  0  0  1/2    22:04   3:34   0:00 
Doug Janik               0  0  0   1  0   0  0  2  1  0  0/0    12:07   0:00   0:36 
Jiri Hudler              0  0  0  -1  0   2  0  0  0  0  0/1     8:44   0:00   0:00 
Martin St. Louis         0  2  2   1  0   2  0  0  0  1  3/5    24:10   3:34   2:06 
Matt Stajan              1  1  2  -1  2   5  0  0  2  0  10/17  17:41   2:22   0:34 
Maxim Afinogenov         0  1  1  -1  0   4  0  0  2  0  1/1    18:30   2:22   1:22 
Maxim Lapierre           1  1  2   2  0   5  1  0  0  0  3/4     8:06   0:00   0:00 
Mike Ribeiro             0  2  2   1  0   2  3  1  1  1  17/36  24:10   3:34   2:06 
Milan Michalek           1  0  1  -1  0   4  3  1  0  0  1/2    17:08   2:22   0:00 
Nikolai Zherdev          0  0  0  -1  2   1  2  0  0  0  0/0     8:43   0:00   0:00 
Patrick Eaves            0  0  0   2  0   2  0  1  0  0  0/0     8:06   0:00   0:00 
Ryan Parent              0  0  0   1  0   0  2  1  0  0  0/0    12:07   0:00   0:36 
Ryane Clowe              1  1  2   2  0   2  1  1  0  0  0/0     9:24   0:00   1:18 
Sami Lepisto             0  0  0   1  0   0  2  1  0  0  0/0    19:56   2:28   0:59 
Tom Poti                 0  0  0  -1  0   1  3  4  0  0  0/0    27:57   3:28   2:23 

3 Stars

1 - Clarke MacArthur (Van)
2 - Ryane Clowe (Van)
3 - Jeff Tambellini (Flo)

Power Play

Panthers - 0 on 2 Attempt(s) - 0,00%
Canucks - 2 on 5 Attempt(s) - 40,00%

Penalty Kill

Panthers - 3 on 5 Attempt(s) - 60,00% - Score 0 goal in Penalty Kill
Canucks - 2 on 2 Attempt(s) - 100,00% - Score 0 goal in Penalty Kill

Team Stat

Panthers - Hits : 18 - Faceoff Wins : 32 - Blocked Shots : 12 - Penalty Minutes : 10
Canucks - Hits : 20 - Faceoff Wins : 36 - Blocked Shots : 17 - Penalty Minutes : 4

Official

Referees : L'Ecuyer Frederick and Rehman Kyle
Linesman : Lonnie Cameron and Ryan Galloway

Game Notes

1:00 of 1st period - Panthers goal is going for a video replay. After video review, No Goal. The puck has been directed, batted or thrown into the net by an attacking player other than with a stick.
Branko Radivojevic is injured at 1:16 of 1st period (Torn Left MCL)
Jeff Deslauriers enters game at 8:22 of 2nd period

Finance

Level 1 -- Attendance: 6000 (100,00%) -- Ticket Income 516 000 $
Level 2 -- Attendance: 4686 (93,72%) -- Ticket Income 229 614 $
Level 3 -- Attendance: 1817 (90,85%) -- Ticket Income 54 510 $
Level 4 -- Attendance: 4000 (100,00%) -- Ticket Income 68 000 $
Luxury Box -- Attendance: 1000 (100,00%) -- Ticket Income 100 000 $
Game was played at the Budweiser Coliseum.
Total Attendance: 17503 (97,24%)
Total Ticket Income: 968 124 $
Other Income: 145 219 $
Total Income: 1 113 343 $

Panthers

5 vs 5 Forward 
   Center                   Left Wing                Right Wing               Time % Phy DF OF 
 1 Sidney Crosby            Taylor Hall              Marian Hossa             40     0   2  3  
 2 Scott Gomez              Jeff Tambellini          Peter Prucha             30     0   2  3  
 3 Mats Sundin              Ryan Bayda               Alexander Perezhogin     20     1   2  2  
 4 Rickard Wallin           Alexei Ponikarovsky      Branko Radivojevic       10     1   2  2  

5 vs 5 Defense 
   Defense                  Defense                                           Time % Phy DF OF 
 1 Steve Montador           Matthew Spiller                                   40     0   2  3  
 2 Bryan McCabe             Lubomir Visnovsky                                 30     0   2  3  
 3 Keith Aulie              Nate Guenin                                       20     1   2  2  
 4 Steve Montador           Matthew Spiller                                   10     1   2  2  

PowerPlay Forward 
   Center                   Left Wing                Right Wing               Time % Phy DF OF 
 1 Sidney Crosby            Taylor Hall              Marian Hossa             60     0   1  4  
 2 Scott Gomez              Jeff Tambellini          Peter Prucha             40     0   1  4  

PowerPlay Defense
   Defense                  Defense                                           Time % Phy DF OF 
 1 Steve Montador           Matthew Spiller                                   60     0   2  3  
 2 Bryan McCabe             Lubomir Visnovsky                                 40     0   2  3  

Penalty Kill 4 Players Forward 
   Center                   Wing                     Time % Phy DF OF 
 1 Scott Gomez              Peter Prucha             60     1   4  0  
 2 Sidney Crosby            Alexei Ponikarovsky      40     1   4  0  

Penalty Kill 4 Players Defense
   Defense                  Defense                  Time % Phy DF OF 
 1 Steve Montador           Lubomir Visnovsky        60     1   4  0  
 2 Bryan McCabe             Matthew Spiller          40     1   4  0  

Penalty Kill - 3 Players Forward 
   Forward                                           Time % Phy DF OF 
 1 Scott Gomez                                       60     1   4  0  
 2 Sidney Crosby                                     40     1   4  0  

Penalty Kill - 3 Players Defense
   Defense                  Defense                  Time % Phy DF OF 
 1 Steve Montador           Lubomir Visnovsky        60     1   4  0  
 2 Matthew Spiller          Bryan McCabe             40     1   4  0  

4 vs 4 Forward 
   Center                   Wing                     Time % Phy DF OF 
 1 Sidney Crosby            Taylor Hall              60     0   2  3  
 2 Scott Gomez              Marian Hossa             40     0   2  3  

4 vs 4 Defense
   Defense                  Defense                  Time % Phy DF OF 
 1 Steve Montador           Matthew Spiller          60     1   2  2  
 2 Bryan McCabe             Lubomir Visnovsky        40     1   2  2  

Last Minutes Offensive
   Center                   Left Wing                Right Wing               Defense                  Defense                  
   Sidney Crosby            Taylor Hall              Marian Hossa             Steve Montador           Matthew Spiller          

Last Minutes Defensive
   Center                   Left Wing                Right Wing               Defense                  Defense                  
   Sidney Crosby            Taylor Hall              Marian Hossa             Steve Montador           Lubomir Visnovsky        

Goaltenders
Starting : Antti Niemi              
Backup : Jeff Deslauriers         

Extra Forwards
Normal : Scott Gomez, Marian Hossa, Sidney Crosby - PP : Scott Gomez, Taylor Hall - PK : Taylor Hall
Extra Defensemen
Normal : Keith Aulie, Matthew Spiller, Steve Montador - PP : Lubomir Visnovsky - PK : Matthew Spiller, Lubomir Visnovsky
Penalty Shots
Sidney Crosby, Peter Prucha, Scott Gomez, Marian Hossa, Jeff Tambellini

Canucks

5 vs 5 Forward 
   Center                   Left Wing                Right Wing               Time % Phy DF OF 
 1 Mike Ribeiro             Clarke MacArthur         Martin St. Louis         40     1   2  2  
 2 Matt Stajan              Milan Michalek           Maxim Afinogenov         30     1   2  2  
 3 Jiri Hudler              Alex Tanguay             Nikolai Zherdev          20     1   2  2  
 4 Maxim Lapierre           Ryane Clowe              Patrick Eaves            10     1   2  2  

5 vs 5 Defense 
   Defense                  Defense                                           Time % Phy DF OF 
 1 Alex Goligoski           Tom Poti                                          40     1   2  2  
 2 Ben Lovejoy              Sami Lepisto                                      30     1   2  2  
 3 Ryan Parent              Doug Janik                                        20     1   2  2  
 4 Alex Goligoski           Tom Poti                                          10     1   2  2  

PowerPlay Forward 
   Center                   Left Wing                Right Wing               Time % Phy DF OF 
 1 Mike Ribeiro             Clarke MacArthur         Martin St. Louis         60     1   2  2  
 2 Matt Stajan              Milan Michalek           Maxim Afinogenov         40     1   2  2  

PowerPlay Defense
   Defense                  Defense                                           Time % Phy DF OF 
 1 Alex Goligoski           Tom Poti                                          60     1   2  2  
 2 Ben Lovejoy              Sami Lepisto                                      40     1   2  2  

Penalty Kill 4 Players Forward 
   Center                   Wing                     Time % Phy DF OF 
 1 Martin St. Louis         Mike Ribeiro             60     1   2  2  
 2 Matt Stajan              Maxim Afinogenov         40     1   2  2  

Penalty Kill 4 Players Defense
   Defense                  Defense                  Time % Phy DF OF 
 1 Alex Goligoski           Tom Poti                 60     1   2  2  
 2 Ben Lovejoy              Sami Lepisto             40     1   2  2  

Penalty Kill - 3 Players Forward 
   Forward                                           Time % Phy DF OF 
 1 Martin St. Louis                                  60     1   2  2  
 2 Mike Ribeiro                                      40     1   2  2  

Penalty Kill - 3 Players Defense
   Defense                  Defense                  Time % Phy DF OF 
 1 Alex Goligoski           Tom Poti                 60     1   2  2  
 2 Ben Lovejoy              Sami Lepisto             40     1   2  2  

4 vs 4 Forward 
   Center                   Wing                     Time % Phy DF OF 
 1 Martin St. Louis         Mike Ribeiro             60     1   2  2  
 2 Matt Stajan              Maxim Afinogenov         40     1   2  2  

4 vs 4 Defense
   Defense                  Defense                  Time % Phy DF OF 
 1 Alex Goligoski           Tom Poti                 60     1   2  2  
 2 Ben Lovejoy              Sami Lepisto             40     1   2  2  

Last Minutes Offensive
   Center                   Left Wing                Right Wing               Defense                  Defense                  
   Mike Ribeiro             Clarke MacArthur         Martin St. Louis         Alex Goligoski           Tom Poti                 

Last Minutes Defensive
   Center                   Left Wing                Right Wing               Defense                  Defense                  
   Mike Ribeiro             Clarke MacArthur         Martin St. Louis         Alex Goligoski           Tom Poti                 

Goaltenders
Starting : Carey Price              
Backup : Ray Emery                

Extra Forwards
Normal : Jiri Hudler, Alex Tanguay, Ryane Clowe - PP : Jiri Hudler, Alex Tanguay - PK : Ryane Clowe
Extra Defensemen
Normal : Ryan Parent, Doug Janik, Ben Lovejoy - PP : Ryan Parent - PK : Doug Janik, Ben Lovejoy
Penalty Shots
Martin St. Louis, Mike Ribeiro, Matt Stajan, Maxim Afinogenov, Clarke MacArthur

% Time on Ice - Panthers

Lines # - Real PCT - Wanted PCT - Time Play
Normal Forward
1 - 35% - 40% - 17:44
2 - 30% - 30% - 14:53
3 - 22% - 20% - 10:57
4 - 13% - 10% - 6:32
Normal Defense
1 - 38% - 40% - 18:48
2 - 31% - 30% - 15:35
3 - 27% - 20% - 13:37
4 - 4% - 10% - 2:06
PP Forward
1 - 54% - 60% - 2:08
2 - 46% - 40% - 1:50
PP Defense
1 - 67% - 60% - 2:40
2 - 33% - 40% - 1:18
PK Forward
1 - 74% - 60% - 4:24
2 - 26% - 40% - 1:32
PK Defense
1 - 71% - 60% - 4:14
2 - 29% - 40% - 1:42
PK3 Forward
1 - 0% - 60%
2 - 0% - 40%
PK3 Defense
1 - 0% - 60%
2 - 0% - 40%
44 Forward
1 - 0% - 60%
2 - 0% - 40%
44 Defense
1 - 0% - 60%
2 - 0% - 40%
Last Minute Offensive  - 0:00
Last Minute Defensive  - 0:00
Total
Forward - 60:00
Defense - 60:00

% Time on Ice - Canucks

Lines # - Real PCT - Wanted PCT - Time Play
Normal Forward
1 - 37% - 40% - 18:30
2 - 29% - 30% - 14:46
3 - 17% - 20% - 8:44
4 - 16% - 10% - 8:06
Normal Defense
1 - 39% - 40% - 19:28
2 - 33% - 30% - 16:35
3 - 23% - 20% - 11:25
4 - 5% - 10% - 2:38
PP Forward
1 - 60% - 60% - 3:34
2 - 40% - 40% - 2:22
PP Defense
1 - 58% - 60% - 3:28
2 - 42% - 40% - 2:28
PK Forward
1 - 66% - 60% - 2:36
2 - 34% - 40% - 1:22
PK Defense
1 - 67% - 60% - 2:40
2 - 33% - 40% - 1:18
PK3 Forward
1 - 0% - 60%
2 - 0% - 40%
PK3 Defense
1 - 0% - 60%
2 - 0% - 40%
44 Forward
1 - 0% - 60%
2 - 0% - 40%
44 Defense
1 - 0% - 60%
2 - 0% - 40%
Last Minute Offensive  - 0:00
Last Minute Defensive  - 0:00
Total
Forward - 60:00
Defense - 60:00

Play by Play

1st period


0:01 of 1st period - Mike Ribeiro wins face-off versus Sidney Crosby in neutral zone.
0:04 of 1st period - Snap shot by Martin St. Louis.
0:04 of 1st period - Shot Misses the Net.
0:06 of 1st period - Snap shot by Tom Poti.
0:06 of 1st period - Deflect By Martin St. Louis.
0:06 of 1st period - Shot Blocked by Taylor Hall.
0:06 of 1st period - Puck is out of play.
0:07 of 1st period - Taylor Hall wins face-off versus Mike Ribeiro in Panthers zone.
0:14 of 1st period - Snap shot by Sidney Crosby.
0:14 of 1st period - Shot Misses the Net.
0:54 of 1st period - Wrist shot by Ryan Bayda.
0:54 of 1st period - Shot Misses the Net.
0:56 of 1st period - Snap shot by Ryan Bayda.
0:56 of 1st period - Shot Misses the Net.
0:58 of 1st period - Slapshot by Matthew Spiller.
0:58 of 1st period - Shot Misses the Net.
1:00 of 1st period - Snap shot by Ryan Bayda.
1:00 of 1st period - Panthers goal is going for a video replay.
1:00 of 1st period - The goal is refused. The puck has been directed, batted or thrown into the net by an attacking player other than with a stick..
1:01 of 1st period - Maxim Lapierre wins face-off versus Rickard Wallin in Canucks zone.
1:01 of 1st period - Maxim Lapierre is hit by Alexei Ponikarovsky.
1:09 of 1st period - Branko Radivojevic is hit by Ryane Clowe and loses puck.
1:16 of 1st period - Snap shot by Ryane Clowe.
1:16 of 1st period - Shot Blocked by Branko Radivojevic.
1:16 of 1st period - Branko Radivojevic from Panthers is injured at 1:16 of 1st period (Torn Left MCL).
1:17 of 1st period - Mike Ribeiro wins face-off versus Scott Gomez in Panthers zone.
1:42 of 1st period - Nate Guenin is hit by Sami Lepisto.
2:06 of 1st period - Ben Lovejoy is hit by Mats Sundin and loses puck.
4:33 of 1st period - Minor Penalty to Nikolai Zherdev for Slashing.
4:34 of 1st period - Martin St. Louis wins face-off versus Scott Gomez in Canucks zone.
4:51 of 1st period - Mike Ribeiro is hit by Jeff Tambellini.
6:33 of 1st period - Penalty to Nikolai Zherdev is over, Nikolai Zherdev is back on ice.
7:04 of 1st period - Alex Goligoski is hit by Mats Sundin and loses puck.
7:27 of 1st period - Marian Hossa is hit by Ryan Parent and loses puck.
7:33 of 1st period - Minor Penalty to Keith Aulie for Holding Stick.
7:34 of 1st period - Mike Ribeiro wins face-off versus Scott Gomez in Panthers zone.
7:38 of 1st period - Snap shot by Martin St. Louis.
7:38 of 1st period - Shot Misses the Net.
7:40 of 1st period - Wrist shot by Clarke MacArthur.
7:40 of 1st period - Goal by Clarke MacArthur - Panthers : 0 - Canucks : 1.
7:41 of 1st period - Mike Ribeiro wins face-off versus Scott Gomez in neutral zone.
7:46 of 1st period - Snap shot by Martin St. Louis.
7:46 of 1st period - Deflect By Mike Ribeiro.
7:46 of 1st period - Shot Blocked by Jeff Tambellini.
7:46 of 1st period - Puck is out of play.
7:47 of 1st period - Scott Gomez wins face-off versus Mike Ribeiro in Panthers zone.
7:47 of 1st period - Scott Gomez is hit by Alex Goligoski.
7:55 of 1st period - Wrist shot by Jeff Tambellini.
7:55 of 1st period - Shot Blocked by Tom Poti.
8:14 of 1st period - Snap shot by Alexander Perezhogin.
8:14 of 1st period - Deflect By Mats Sundin.
8:14 of 1st period - Shot Misses the Net.
8:14 of 1st period - Puck is out of play.
8:15 of 1st period - Mats Sundin wins face-off versus Milan Michalek in Canucks zone.
8:19 of 1st period - Minor Penalty to Matt Stajan for Holding Stick.
8:20 of 1st period - Sidney Crosby wins face-off versus Martin St. Louis in Canucks zone.
8:51 of 1st period - Snap shot by Maxim Afinogenov.
8:51 of 1st period - Shot Misses the Net.
9:09 of 1st period - Wrist shot by Jeff Tambellini.
9:09 of 1st period - Stopped by Carey Price with a rebound.
9:11 of 1st period - Snap shot by Matthew Spiller.
9:11 of 1st period - Stopped by Carey Price without a rebound.
9:12 of 1st period - Martin St. Louis wins face-off versus Scott Gomez in Canucks zone.
9:49 of 1st period - Martin St. Louis is hit by Sidney Crosby and loses puck.
10:19 of 1st period - Penalty to Matt Stajan is over, Matt Stajan is back on ice.
10:38 of 1st period - Snap shot by Matt Stajan.
10:38 of 1st period - Shot Misses the Net.
11:18 of 1st period - Slapshot by Maxim Lapierre.
11:18 of 1st period - Stopped by Antti Niemi with a rebound.
11:24 of 1st period - Slapshot by Bryan McCabe.
11:24 of 1st period - Stopped by Carey Price with a rebound.
11:44 of 1st period - Mike Ribeiro is hit by Scott Gomez and loses puck.
12:10 of 1st period - Snap shot by Sidney Crosby.
12:10 of 1st period - Stopped by Carey Price with a rebound.
12:50 of 1st period - Scott Gomez is hit by Maxim Lapierre and loses puck.
13:04 of 1st period - Icing by Doug Janik.
13:05 of 1st period - Maxim Lapierre wins face-off versus Sidney Crosby in Canucks zone.
13:17 of 1st period - Mike Ribeiro is hit by Matthew Spiller and loses puck.
13:40 of 1st period - Snap shot by Matt Stajan.
13:40 of 1st period - Shot Misses the Net.
13:42 of 1st period - Slapshot by Sami Lepisto.
13:42 of 1st period - Shot Blocked by Steve Montador.
13:44 of 1st period - Wrist shot by Milan Michalek.
13:44 of 1st period - Stopped by Antti Niemi with a rebound.
15:11 of 1st period - Wrist shot by Jeff Tambellini.
15:11 of 1st period - Goal by Jeff Tambellini - Panthers : 1 - Canucks : 1.
15:12 of 1st period - Mike Ribeiro wins face-off versus Sidney Crosby in neutral zone.
15:37 of 1st period - Maxim Afinogenov is hit by Scott Gomez and loses puck.
15:46 of 1st period - Backhand shot by Tom Poti.
15:46 of 1st period - Shot Blocked by Lubomir Visnovsky.
15:48 of 1st period - Wrist shot by Tom Poti.
15:48 of 1st period - Shot Misses the Net.
16:42 of 1st period - Wrist shot by Alexander Perezhogin.
16:42 of 1st period - Stopped by Carey Price without a rebound.
16:43 of 1st period - Sidney Crosby wins face-off versus Mike Ribeiro in Canucks zone.
16:52 of 1st period - Snap shot by Sidney Crosby.
16:52 of 1st period - Stopped by Carey Price without a rebound.
16:53 of 1st period - Sidney Crosby wins face-off versus Mike Ribeiro in Canucks zone.
16:58 of 1st period - Wrist shot by Marian Hossa.
16:58 of 1st period - Shot Blocked by Alex Goligoski.
17:00 of 1st period - Snap shot by Marian Hossa.
17:00 of 1st period - Stopped by Carey Price without a rebound.
17:01 of 1st period - Clarke MacArthur wins face-off versus Sidney Crosby in Canucks zone.
17:13 of 1st period - Snap shot by Clarke MacArthur.
17:13 of 1st period - Stopped by Antti Niemi with a rebound.
17:17 of 1st period - Wrist shot by Mike Ribeiro.
17:17 of 1st period - Shot Misses the Net.
17:55 of 1st period - Slapshot by Alex Tanguay.
17:55 of 1st period - Deflect By Nikolai Zherdev.
17:55 of 1st period - Stopped by Antti Niemi with a rebound.
17:57 of 1st period - Slapshot by Jiri Hudler.
17:57 of 1st period - Stopped by Antti Niemi without a rebound.
17:58 of 1st period - Mike Ribeiro wins face-off versus Sidney Crosby in Panthers zone.
18:09 of 1st period - Snap shot by Sidney Crosby.
18:09 of 1st period - Stopped by Carey Price without a rebound.
18:10 of 1st period - Sidney Crosby wins face-off versus Mike Ribeiro in Canucks zone.
18:35 of 1st period - Martin St. Louis is hit by Marian Hossa and loses puck.
18:57 of 1st period - Slapshot by Martin St. Louis.
18:57 of 1st period - Deflect By Clarke MacArthur.
18:57 of 1st period - Stopped by Antti Niemi with a rebound.
19:19 of 1st period - Snap shot by Taylor Hall.
19:19 of 1st period - Shot Misses the Net.
19:25 of 1st period - Matthew Spiller is hit by Mike Ribeiro and loses puck.
19:54 of 1st period - Snap shot by Clarke MacArthur.
19:54 of 1st period - Shot Misses the Net.
Goals for this period are 1 for Panthers vs 1 for Canucks.
Shots for this period are 10 for Panthers vs 7 for Canucks.

2nd period


0:01 of 2nd period - Matt Stajan wins face-off versus Jeff Tambellini in neutral zone.
0:15 of 2nd period - Icing by Tom Poti.
0:16 of 2nd period - Matt Stajan wins face-off versus Sidney Crosby in Canucks zone.
0:49 of 2nd period - Snap shot by Tom Poti.
0:49 of 2nd period - Stopped by Antti Niemi without a rebound.
0:50 of 2nd period - Mike Ribeiro wins face-off versus Mats Sundin in Panthers zone.
0:55 of 2nd period - Backhand shot by Mike Ribeiro.
0:55 of 2nd period - Stopped by Antti Niemi without a rebound.
0:56 of 2nd period - Scott Gomez wins face-off versus Mike Ribeiro in Panthers zone.
1:41 of 2nd period - Minor Penalty to Alexander Perezhogin for Hooking.
1:42 of 2nd period - Maxim Afinogenov wins face-off versus Scott Gomez in Panthers zone.
1:54 of 2nd period - Wrist shot by Scott Gomez.
1:54 of 2nd period - Shot Blocked by Tom Poti.
2:22 of 2nd period - Backhand shot by Matt Stajan.
2:22 of 2nd period - Goal by Matt Stajan - Panthers : 1 - Canucks : 2.
2:23 of 2nd period - Matt Stajan wins face-off versus Scott Gomez in neutral zone.
2:26 of 2nd period - Slapshot by Alex Goligoski.
2:26 of 2nd period - Deflect By Maxim Afinogenov.
2:26 of 2nd period - Stopped by Antti Niemi without a rebound.
2:27 of 2nd period - Matt Stajan wins face-off versus Scott Gomez in Panthers zone.
2:36 of 2nd period - Wrist shot by Scott Gomez.
2:36 of 2nd period - Shot Blocked by Milan Michalek.
2:38 of 2nd period - Snap shot by Jeff Tambellini.
2:38 of 2nd period - Goal by Jeff Tambellini - Panthers : 2 - Canucks : 2.
2:39 of 2nd period - Matt Stajan wins face-off versus Scott Gomez in neutral zone.
3:04 of 2nd period - Mike Ribeiro is hit by Matthew Spiller and loses puck.
3:46 of 2nd period - Ryane Clowe is hit by Nate Guenin and loses puck.
4:05 of 2nd period - Slapshot by Maxim Afinogenov.
4:05 of 2nd period - Shot Blocked by Nate Guenin.
4:07 of 2nd period - Wrist shot by Milan Michalek.
4:07 of 2nd period - Goal by Milan Michalek - Panthers : 2 - Canucks : 3.
4:08 of 2nd period - Scott Gomez wins face-off versus Mike Ribeiro in neutral zone.
4:23 of 2nd period - Wrist shot by Peter Prucha.
4:23 of 2nd period - Shot Blocked by Tom Poti.
4:58 of 2nd period - Taylor Hall is hit by Milan Michalek and loses puck.
5:20 of 2nd period - Wrist shot by Scott Gomez.
5:20 of 2nd period - Shot Blocked by Tom Poti.
5:50 of 2nd period - Keith Aulie is hit by Tom Poti and loses puck.
5:57 of 2nd period - Minor Penalty to Nate Guenin for Tripping.
5:58 of 2nd period - Mike Ribeiro wins face-off versus Scott Gomez in Panthers zone.
7:57 of 2nd period - Penalty to Nate Guenin is over, Nate Guenin is back on ice.
8:22 of 2nd period - Slapshot by Maxim Lapierre.
8:22 of 2nd period - Goal by Maxim Lapierre - Panthers : 2 - Canucks : 4.
8:22 of 2nd period - Jeff Deslauriers enters game.
8:23 of 2nd period - Scott Gomez wins face-off versus Matt Stajan in neutral zone.
8:59 of 2nd period - Slapshot by Jiri Hudler.
8:59 of 2nd period - Stopped by Jeff Deslauriers without a rebound.
9:00 of 2nd period - Mike Ribeiro wins face-off versus Scott Gomez in Panthers zone.
9:03 of 2nd period - Slapshot by Mike Ribeiro.
9:03 of 2nd period - Shot Blocked by Matthew Spiller.
9:05 of 2nd period - Slapshot by Ryan Parent.
9:05 of 2nd period - Deflect By Martin St. Louis.
9:05 of 2nd period - Stopped by Jeff Deslauriers with a rebound.
9:07 of 2nd period - Wrist shot by Mike Ribeiro.
9:07 of 2nd period - Stopped by Jeff Deslauriers without a rebound.
9:08 of 2nd period - Scott Gomez wins face-off versus Mike Ribeiro in Panthers zone.
9:47 of 2nd period - Snap shot by Jeff Tambellini.
9:47 of 2nd period - Shot Misses the Net.
9:49 of 2nd period - Slapshot by Jeff Tambellini.
9:49 of 2nd period - Stopped by Carey Price without a rebound.
9:50 of 2nd period - Sidney Crosby wins face-off versus Matt Stajan in Canucks zone.
9:51 of 2nd period - Slapshot by Marian Hossa.
9:51 of 2nd period - Shot Misses the Net.
10:28 of 2nd period - Snap shot by Maxim Lapierre.
10:28 of 2nd period - Stopped by Jeff Deslauriers without a rebound.
10:29 of 2nd period - Scott Gomez wins face-off versus Mike Ribeiro in Panthers zone.
10:40 of 2nd period - Slapshot by Alex Goligoski.
10:40 of 2nd period - Deflect By Clarke MacArthur.
10:40 of 2nd period - Goal by Clarke MacArthur - Panthers : 2 - Canucks : 5.
10:41 of 2nd period - Matt Stajan wins face-off versus Sidney Crosby in neutral zone.
10:44 of 2nd period - Snap shot by Maxim Afinogenov.
10:44 of 2nd period - Stopped by Jeff Deslauriers with a rebound.
10:52 of 2nd period - Slapshot by Alex Goligoski.
10:52 of 2nd period - Shot Blocked by Steve Montador.
10:54 of 2nd period - Slapshot by Alex Goligoski.
10:54 of 2nd period - Stopped by Jeff Deslauriers with a rebound.
10:56 of 2nd period - Slapshot by Alex Goligoski.
10:56 of 2nd period - Shot Misses the Net.
10:58 of 2nd period - Wrist shot by Maxim Afinogenov.
10:58 of 2nd period - Stopped by Jeff Deslauriers without a rebound.
10:59 of 2nd period - Mike Ribeiro wins face-off versus Scott Gomez in Panthers zone.
11:30 of 2nd period - Off-side.
11:31 of 2nd period - Matt Stajan wins face-off versus Sidney Crosby in neutral zone.
11:40 of 2nd period - Wrist shot by Maxim Afinogenov.
11:40 of 2nd period - Shot Blocked by Matthew Spiller.
11:42 of 2nd period - Backhand shot by Milan Michalek.
11:42 of 2nd period - Shot Misses the Net.
11:44 of 2nd period - Slapshot by Doug Janik.
11:44 of 2nd period - Shot Misses the Net.
11:46 of 2nd period - Snap shot by Matt Stajan.
11:46 of 2nd period - Stopped by Jeff Deslauriers without a rebound.
11:47 of 2nd period - Scott Gomez wins face-off versus Mike Ribeiro in Panthers zone.
11:58 of 2nd period - Slapshot by Scott Gomez.
11:58 of 2nd period - Shot Blocked by Alex Goligoski.
13:20 of 2nd period - Slapshot by Nikolai Zherdev.
13:20 of 2nd period - Shot Misses the Net.
14:33 of 2nd period - Snap shot by Maxim Lapierre.
14:33 of 2nd period - Stopped by Jeff Deslauriers without a rebound.
14:34 of 2nd period - Maxim Lapierre wins face-off versus Scott Gomez in Panthers zone.
14:37 of 2nd period - Wrist shot by Maxim Lapierre.
14:37 of 2nd period - Stopped by Jeff Deslauriers with a rebound.
14:59 of 2nd period - Ryan Bayda is hit by Sami Lepisto and loses puck.
15:04 of 2nd period - Slapshot by Clarke MacArthur.
15:04 of 2nd period - Stopped by Jeff Deslauriers without a rebound.
15:05 of 2nd period - Scott Gomez wins face-off versus Mike Ribeiro in Panthers zone.
15:10 of 2nd period - Snap shot by Scott Gomez.
15:10 of 2nd period - Shot Blocked by Doug Janik.
15:12 of 2nd period - Slapshot by Matthew Spiller.
15:12 of 2nd period - Shot Blocked by Clarke MacArthur.
15:14 of 2nd period - Slapshot by Peter Prucha.
15:14 of 2nd period - Stopped by Carey Price with a rebound.
15:16 of 2nd period - Wrist shot by Jeff Tambellini.
15:16 of 2nd period - Shot Blocked by Clarke MacArthur.
15:18 of 2nd period - Slapshot by Matthew Spiller.
15:18 of 2nd period - Shot Blocked by Mike Ribeiro.
15:20 of 2nd period - Wrist shot by Steve Montador.
15:20 of 2nd period - Stopped by Carey Price without a rebound.
15:21 of 2nd period - Mats Sundin wins face-off versus Matt Stajan in Canucks zone.
15:36 of 2nd period - Wrist shot by Mats Sundin.
15:36 of 2nd period - Goal by Mats Sundin - Panthers : 3 - Canucks : 5.
15:37 of 2nd period - Scott Gomez wins face-off versus Clarke MacArthur in neutral zone.
16:11 of 2nd period - Snap shot by Matt Stajan.
16:11 of 2nd period - Deflect By Maxim Afinogenov.
16:11 of 2nd period - Shot Misses the Net.
16:11 of 2nd period - Puck is out of play.
16:12 of 2nd period - Mike Ribeiro wins face-off versus Scott Gomez in Panthers zone.
16:43 of 2nd period - Wrist shot by Alexander Perezhogin.
16:43 of 2nd period - Deflect By Ryan Bayda.
16:43 of 2nd period - Shot Misses the Net.
16:43 of 2nd period - Puck is out of play.
16:44 of 2nd period - Mats Sundin wins face-off versus Matt Stajan in Canucks zone.
17:11 of 2nd period - Alex Goligoski is hit by Nate Guenin and loses puck.
17:18 of 2nd period - Sidney Crosby is hit by Nikolai Zherdev and loses puck.
17:59 of 2nd period - Wrist shot by Ryane Clowe.
17:59 of 2nd period - Stopped by Jeff Deslauriers without a rebound.
18:00 of 2nd period - Scott Gomez wins face-off versus Matt Stajan in Panthers zone.
18:17 of 2nd period - Snap shot by Milan Michalek.
18:17 of 2nd period - Stopped by Jeff Deslauriers with a rebound.
18:56 of 2nd period - Steve Montador is hit by Alex Goligoski and loses puck.
19:17 of 2nd period - Wrist shot by Ryane Clowe.
19:17 of 2nd period - Goal by Ryane Clowe - Panthers : 3 - Canucks : 6.
19:18 of 2nd period - Matt Stajan wins face-off versus Sidney Crosby in neutral zone.
19:50 of 2nd period - Slapshot by Martin St. Louis.
19:50 of 2nd period - Stopped by Jeff Deslauriers with a rebound.
Goals for this period are 2 for Panthers vs 5 for Canucks.
Shots for this period are 5 for Panthers vs 22 for Canucks.

3rd period


0:01 of 3rd period - Mike Ribeiro wins face-off versus Sidney Crosby in neutral zone.
0:12 of 3rd period - Slapshot by Sidney Crosby.
0:12 of 3rd period - Stopped by Carey Price without a rebound.
0:13 of 3rd period - Matt Stajan wins face-off versus Sidney Crosby in Canucks zone.
0:20 of 3rd period - Sidney Crosby is hit by Milan Michalek and loses puck.
0:43 of 3rd period - Snap shot by Peter Prucha.
0:43 of 3rd period - Stopped by Carey Price with a rebound.
1:21 of 3rd period - Slapshot by Lubomir Visnovsky.
1:21 of 3rd period - Shot Blocked by Patrick Eaves.
1:23 of 3rd period - Snap shot by Bryan McCabe.
1:23 of 3rd period - Stopped by Carey Price with a rebound.
1:25 of 3rd period - Slapshot by Lubomir Visnovsky.
1:25 of 3rd period - Shot Blocked by Sami Lepisto.
1:27 of 3rd period - Slapshot by Bryan McCabe.
1:27 of 3rd period - Shot Blocked by Ryane Clowe.
1:29 of 3rd period - Slapshot by Bryan McCabe.
1:29 of 3rd period - Stopped by Carey Price with a rebound.
1:31 of 3rd period - Snap shot by Alexei Ponikarovsky.
1:31 of 3rd period - Shot Misses the Net.
2:06 of 3rd period - Clarke MacArthur is hit by Nate Guenin and loses puck.
2:27 of 3rd period - Slapshot by Rickard Wallin.
2:27 of 3rd period - Stopped by Carey Price without a rebound.
2:28 of 3rd period - Mats Sundin wins face-off versus Jiri Hudler in Canucks zone.
2:29 of 3rd period - Snap shot by Ryan Bayda.
2:29 of 3rd period - Stopped by Carey Price with a rebound.
2:31 of 3rd period - Snap shot by Alexander Perezhogin.
2:31 of 3rd period - Shot Hit the Post.
2:33 of 3rd period - Snap shot by Alexander Perezhogin.
2:33 of 3rd period - Shot Misses the Net.
2:35 of 3rd period - Snap shot by Alexander Perezhogin.
2:35 of 3rd period - Stopped by Carey Price without a rebound.
2:36 of 3rd period - Martin St. Louis wins face-off versus Sidney Crosby in Canucks zone.
2:43 of 3rd period - Matthew Spiller is hit by Alex Goligoski and loses puck.
3:26 of 3rd period - Ben Lovejoy is hit by Matthew Spiller and loses puck.
4:26 of 3rd period - Off-side.
4:27 of 3rd period - Matt Stajan wins face-off versus Mats Sundin in neutral zone.
4:49 of 3rd period - Off-side.
4:50 of 3rd period - Taylor Hall wins face-off versus Mike Ribeiro in neutral zone.
5:25 of 3rd period - Snap shot by Nikolai Zherdev.
5:25 of 3rd period - Shot Misses the Net.
5:33 of 3rd period - Peter Prucha is hit by Tom Poti and loses puck.
5:54 of 3rd period - Wrist shot by Matt Stajan.
5:54 of 3rd period - Stopped by Jeff Deslauriers with a rebound.
6:08 of 3rd period - Snap shot by Marian Hossa.
6:08 of 3rd period - Stopped by Carey Price with a rebound.
6:10 of 3rd period - Snap shot by Rickard Wallin.
6:10 of 3rd period - Shot Misses the Net.
6:12 of 3rd period - Wrist shot by Marian Hossa.
6:12 of 3rd period - Shot Misses the Net.
6:14 of 3rd period - Wrist shot by Alexei Ponikarovsky.
6:14 of 3rd period - Shot Misses the Net.
6:24 of 3rd period - Snap shot by Taylor Hall.
6:24 of 3rd period - Stopped by Carey Price with a rebound.
6:26 of 3rd period - Slapshot by Steve Montador.
6:26 of 3rd period - Deflect By Sidney Crosby.
6:26 of 3rd period - Stopped by Carey Price without a rebound.
6:27 of 3rd period - Mike Ribeiro wins face-off versus Sidney Crosby in Canucks zone.
6:42 of 3rd period - Snap shot by Clarke MacArthur.
6:42 of 3rd period - Stopped by Jeff Deslauriers with a rebound.
6:52 of 3rd period - Snap shot by Scott Gomez.
6:52 of 3rd period - Shot Blocked by Doug Janik.
6:54 of 3rd period - Slapshot by Matthew Spiller.
6:54 of 3rd period - Shot Misses the Net.
7:00 of 3rd period - Snap shot by Scott Gomez.
7:00 of 3rd period - Shot Blocked by Ryan Parent.
7:54 of 3rd period - Taylor Hall is hit by Mike Ribeiro and loses puck.
8:20 of 3rd period - Steve Montador is hit by Tom Poti and loses puck.
8:27 of 3rd period - Tom Poti is hit by Ryan Bayda and loses puck.
8:38 of 3rd period - Bryan McCabe is hit by Nikolai Zherdev.
8:52 of 3rd period - Snap shot by Alex Goligoski.
8:52 of 3rd period - Shot Blocked by Keith Aulie.
8:54 of 3rd period - Snap shot by Patrick Eaves.
8:54 of 3rd period - Stopped by Jeff Deslauriers with a rebound.
8:56 of 3rd period - Snap shot by Alex Goligoski.
8:56 of 3rd period - Deflect By Jeff Tambellini.
8:56 of 3rd period - Stopped by Jeff Deslauriers with a rebound.
8:58 of 3rd period - Slapshot by Alex Goligoski.
8:58 of 3rd period - Stopped by Jeff Deslauriers without a rebound.
8:59 of 3rd period - Rickard Wallin wins face-off versus Maxim Lapierre in Panthers zone.
9:30 of 3rd period - Snap shot by Rickard Wallin.
9:30 of 3rd period - Shot Misses the Net.
9:42 of 3rd period - Snap shot by Marian Hossa.
9:42 of 3rd period - Shot Misses the Net.
9:44 of 3rd period - Slapshot by Lubomir Visnovsky.
9:44 of 3rd period - Stopped by Carey Price without a rebound.
9:45 of 3rd period - Mike Ribeiro wins face-off versus Scott Gomez in Canucks zone.
9:45 of 3rd period - Mike Ribeiro is hit by Scott Gomez.
10:10 of 3rd period - Mats Sundin is hit by Ryan Parent and loses puck.
11:09 of 3rd period - Backhand shot by Ryane Clowe.
11:09 of 3rd period - Shot Blocked by Lubomir Visnovsky.
12:11 of 3rd period - Wrist shot by Patrick Eaves.
12:11 of 3rd period - Stopped by Jeff Deslauriers without a rebound.
12:12 of 3rd period - Sidney Crosby wins face-off versus Mike Ribeiro in Panthers zone.
12:46 of 3rd period - Snap shot by Milan Michalek.
12:46 of 3rd period - Shot Misses the Net.
12:48 of 3rd period - Wrist shot by Maxim Afinogenov.
12:48 of 3rd period - Deflect By Jeff Tambellini.
12:48 of 3rd period - Stopped by Jeff Deslauriers without a rebound.
12:49 of 3rd period - Mats Sundin wins face-off versus Mike Ribeiro in Panthers zone.
12:54 of 3rd period - Slapshot by Mike Ribeiro.
12:54 of 3rd period - Shot Misses the Net.
12:56 of 3rd period - Slapshot by Alex Goligoski.
12:56 of 3rd period - Stopped by Jeff Deslauriers without a rebound.
12:57 of 3rd period - Mats Sundin wins face-off versus Mike Ribeiro in Panthers zone.
13:07 of 3rd period - Ryan Bayda is hit by Mike Ribeiro and loses puck.
14:20 of 3rd period - Ben Lovejoy is hit by Peter Prucha and loses puck.
14:27 of 3rd period - Snap shot by Scott Gomez.
14:27 of 3rd period - Shot Blocked by Ben Lovejoy.
14:37 of 3rd period - Wrist shot by Jeff Tambellini.
14:37 of 3rd period - Stopped by Carey Price with a rebound.
14:39 of 3rd period - Slapshot by Matthew Spiller.
14:39 of 3rd period - Stopped by Carey Price without a rebound.
14:40 of 3rd period - Sidney Crosby wins face-off versus Matt Stajan in Canucks zone.
15:05 of 3rd period - Ryan Parent is hit by Alexander Perezhogin and loses puck.
15:21 of 3rd period - Minor Penalty to Ryan Bayda for Hooking.
15:22 of 3rd period - Scott Gomez wins face-off versus Mike Ribeiro in Panthers zone.
15:47 of 3rd period - Lubomir Visnovsky is hit by Milan Michalek and loses puck.
15:54 of 3rd period - Wrist shot by Matt Stajan.
15:54 of 3rd period - Stopped by Jeff Deslauriers with a rebound.
15:56 of 3rd period - Slapshot by Ben Lovejoy.
15:56 of 3rd period - Deflect By Maxim Afinogenov.
15:56 of 3rd period - Shot Misses the Net.
15:56 of 3rd period - Puck is out of play.
15:57 of 3rd period - Mike Ribeiro wins face-off versus Scott Gomez in Panthers zone.
16:30 of 3rd period - Wrist shot by Matt Stajan.
16:30 of 3rd period - Shot Blocked by Alexei Ponikarovsky.
16:32 of 3rd period - Snap shot by Milan Michalek.
16:32 of 3rd period - Stopped by Jeff Deslauriers without a rebound.
16:33 of 3rd period - Taylor Hall wins face-off versus Mike Ribeiro in Panthers zone.
16:42 of 3rd period - Slapshot by Alex Goligoski.
16:42 of 3rd period - Deflect By Martin St. Louis.
16:42 of 3rd period - Deflect By Peter Prucha.
16:42 of 3rd period - Shot Misses the Net.
16:42 of 3rd period - Puck is out of play.
16:43 of 3rd period - Scott Gomez wins face-off versus Mike Ribeiro in Panthers zone.
17:05 of 3rd period - Icing by Martin St. Louis.
17:06 of 3rd period - Sidney Crosby wins face-off versus Martin St. Louis in Canucks zone.
17:13 of 3rd period - Slapshot by Alex Goligoski.
17:13 of 3rd period - Deflect By Steve Montador.
17:13 of 3rd period - Stopped by Jeff Deslauriers with a rebound.
17:15 of 3rd period - Slapshot by Alex Goligoski.
17:15 of 3rd period - Stopped by Jeff Deslauriers with a rebound.
17:21 of 3rd period - Penalty to Ryan Bayda is over, Ryan Bayda is back on ice.
17:37 of 3rd period - Slapshot by Alex Goligoski.
17:37 of 3rd period - Stopped by Jeff Deslauriers without a rebound.
17:38 of 3rd period - Scott Gomez wins face-off versus Matt Stajan in Panthers zone.
17:46 of 3rd period - Off-side.
17:47 of 3rd period - Milan Michalek wins face-off versus Scott Gomez in neutral zone.
17:54 of 3rd period - Slapshot by Matt Stajan.
17:54 of 3rd period - Shot Misses the Net.
18:32 of 3rd period - Wrist shot by Matt Stajan.
18:32 of 3rd period - Stopped by Jeff Deslauriers with a rebound.
18:34 of 3rd period - Slapshot by Ben Lovejoy.
18:34 of 3rd period - Stopped by Jeff Deslauriers without a rebound.
18:35 of 3rd period - Mike Ribeiro wins face-off versus Sidney Crosby in Panthers zone.
18:36 of 3rd period - Wrist shot by Martin St. Louis.
18:36 of 3rd period - Shot Misses the Net.
18:38 of 3rd period - Snap shot by Clarke MacArthur.
18:38 of 3rd period - Stopped by Jeff Deslauriers without a rebound.
18:39 of 3rd period - Mike Ribeiro wins face-off versus Taylor Hall in Panthers zone.
18:49 of 3rd period - Minor Penalty to Steve Montador for Tripping.
18:50 of 3rd period - Scott Gomez wins face-off versus Mike Ribeiro in Panthers zone.
Goals for this period are 0 for Panthers vs 0 for Canucks.
Shots for this period are 13 for Panthers vs 16 for Canucks.